 Dungeon Crawl Stone Soup version 0.28.0 (webtiles) character file.

Game seed: 11667624736016210712

7 browni3141 the Sneak (level 2, -2/26 HPs)
             Began as a Hill Orc Delver on Feb 6, 2022.
             Slain by a bullfrog (6 damage)
             ... on level 4 of the Dungeon.
             The game lasted 00:04:39 (844 turns).

browni3141 the Sneak (Hill Orc Delver)               Turns: 844, Time: 00:04:39

Health: -2/26      AC:  3    Str: 14    XL:     2   Next: 4%
Magic:  2/2        EV: 11    Int: 10    God:
Gold:   12         SH:  0    Dex: 12    Spells: 1/1 levels left

rFire   . . .      SeeInvis .   h - +0 whip (freeze)
rCold   + . .      Faith    .   (no shield)
rNeg    . . .      Spirit   .   k - +0 leather armour {rC+}
rPois   .          Reflect  .   (no helmet)
rElec   .          Harm     .   (no cloak)
rCorr   .          Rampage  .   (no gloves)
Will    .....                   (no boots)
Stlth   ++........              (no amulet)
HPRegen 0.08/turn               (no ring)
MPRegen 0.08/turn               (no ring)

@: no status effects
A: no striking features
a: no special abilities


You were on level 4 of the Dungeon.
You visited 1 branch of the dungeon, and saw 5 of its levels.

You collected 12 gold pieces.

Inventory:

Hand Weapons
 a - a +0 hand axe
 h - a +0 whip of freezing (weapon)
Missiles
 j - 39 stones
 l - a poisoned dart (quivered)
Armour
 b - a +0 leather armour
 i - a +0 chain mail
 k - a +0 leather armour of cold resistance (worn)
Wands
 g - a wand of digging (3)
Scrolls
 c - a scroll of fog
 d - a scroll of magic mapping
 e - a scroll of fear
 m - a scroll of amnesia {unknown}
Potions
 f - 2 potions of haste
 n - a potion of degeneration {unknown}


   Skills:
 - Level 3.6 Fighting
 * Level 3.6 Axes
 - Level 1.5 Dodging
 - Level 4.1 Stealth


You had one spell level left.
You didn't know any spells.
Your spell library was empty.

Dungeon Overview and Level Annotations

Branches:
Dungeon (6/15)
 Temple: D:4-7

Altars:

Annotations:
D:3 Terence


Message History

You start resting.
A bullfrog is nearby!
You hear the rapid hiss of a very distant avalanche of sand.
You start resting.
HP restored.
The bullfrog gives a loud, deep croak!
There is an open door here.
The bullfrog hits you.
You closely miss the bullfrog. The bullfrog hits you.
You hit the bullfrog.
The bullfrog seems to slow down.
You freeze the bullfrog.
The bullfrog is lightly wounded.
The bullfrog hits you.
You hit the bullfrog.
The bullfrog seems to slow down.
You freeze the bullfrog.
The bullfrog is moderately wounded.
The bullfrog barely misses you.
You hit the bullfrog. You freeze the bullfrog.
The bullfrog is severely wounded.
The bullfrog barely misses you.
You hit the bullfrog but do no damage.
The bullfrog is severely wounded.
The bullfrog hits you.
There is an open door here.
The bullfrog closely misses you.
Throw: 2 darts (poison)
Press: ? - help, Q - select action, (/) - cycle Shift-Dir - straight line, f - bullfrog
Aim: a bullfrog (heavily wounded, slow, 50% to hit)
You throw a poisoned dart. The poisoned dart hits the bullfrog.
The bullfrog is poisoned.
The bullfrog is heavily wounded.
The bullfrog barely misses you.
The bullfrog is no longer moving slowly.
You closely miss the bullfrog.
The bullfrog is severely wounded.
The bullfrog barely misses you.
You hit the bullfrog but do no damage.
The bullfrog is severely wounded.
The bullfrog hits you.
* * * LOW HITPOINT WARNING * * *
The bullfrog hits you.
You die...

#.............'.......#
#............##.......#
#............##......#.
###............###+#)..#.
#..........#######.#.#.#.
#....................#.#.
#....................#.#.
###......................
#.....@F...............
#....##............#.##
#....####...#### # #.##
###....####(....######.##
#...>.....'..............
#......####.......####.#.
#.........#..............
#.........#........F.F...
#.........##.............


You could see a bullfrog (poisoned).

Vanquished Creatures
  An adder skeleton (D:4)
  An endoplasm (D:3)
  2 giant cockroaches
4 creatures vanquished.

Notes
Turn   | Place    | Note
-------+----------+-------------------------------------------
     0 | D:5      | browni3141 the Hill Orc Delver began the quest for the Orb.
     0 | D:5      | Reached XP level 1. HP: 19/19 MP: 1/1
    34 | D:6      | Noticed a scorpion
    96 | D:5      | Noticed an iguana
   135 | D:5      | Noticed a phantom
   329 | D:4      | Noticed a bullfrog
   392 | D:3      | Reached XP level 2. HP: 25/26 MP: 2/2
   424 | D:2      | Noticed Terence
   844 | D:4      | Slain by a bullfrog

Illustrated notes

Levels and vault maps discovered:
D:2:      minmay_inner_zag, layout_basic, basic_altar, serial_shops, shop,
          uniq_terence
D:3:      layout_basic, chequers_serial_rivers_room_b
D:4:      layout_basic, enter_ossuary_4, minmay_misc_feat_diagonals,
          minmay_misc_feat_rugged, minivault_5
D:5:      layout_basic, nicolae_underground_beach, uniq_grinder
D:6:      layout_cave_pods, minmay_temple_entry_drinking_statues,
          hellmonk_ghost_happy_afterlife

Skill      XL: |  1 |
---------------+----+-----
Axes           | 3 |  3.6
Fighting       | |  3.6
Dodging        | |  1.5
Stealth        | |  4.1

Action                   || total
-------------------------++-------
Melee: Whip              ||    31
       Punch             ||     1
Throw: Dart              ||     3
 Stab: Sleeping          ||     1
Armor: Leather armour    ||     8
Dodge: Dodged            ||    22
